 Dungeon Crawl Stone Soup version 0.18.1-48-g4cf74bf (webtiles) character file.

149 WarriorsX the Skirmisher (level 5, -1/43 HPs)
             Began as a Human Fighter on July 30, 2016.
             Killed by divine providence
             ... invoked by an orc priest
              (11 damage)
             ... on level 3 of the Dungeon.
             The game lasted 00:06:34 (2314 turns).

WarriorsX the Skirmisher (Human Fighter)            Turns: 2314, Time: 00:06:35

Health: -1/43      AC:  6    Str: 18    XL:     5   Next: 56%
Magic:  5/5        EV:  7    Int:  8    God:
Gold:   104        SH: 13    Dex: 12    Spells: 0 memorised, 4 levels left

rFire  . . .     SeeInvis .     a - +0 long sword
rCold  . . .     Gourm    .     b - +0 scale mail
rNeg   . . .     Faith    .     c - +0 shield
rPois  .         Spirit   .     (no helmet)
rElec  .         Dismiss  .     (no cloak)
rCorr  .         Reflect  +     (no gloves)
SustAt .         Harm     .     (no boots)
MR     .....                    r - +4 amulet of reflection
Stlth  ..........               (no ring)
                                m - ring of wizardry

@: not resistant to hostile enchantments, extremely unstealthy
A: no striking features
a: no special abilities


You were on level 3 of the Dungeon.
You were hungry.

You visited 1 branch of the dungeon, and saw 4 of its levels.

You collected 104 gold pieces.

Inventory:

Hand Weapons
 a - a +0 long sword (weapon)
 s - a +4 mace
Armour
 b - a +0 scale mail (worn)
 c - a +0 shield (worn)
Jewellery
 m - a ring of wizardry (left hand)
 r - a +4 amulet of reflection (around neck)
Scrolls
 e - 5 scrolls of identify {unknown}
 g - a scroll of immolation {unknown}
 h - 2 scrolls of remove curse {unknown}
 j - 3 scrolls of enchant weapon {unknown}
 p - a scroll of blinking {unknown}
 q - a scroll of random uselessness {unknown}
Potions
 d - 2 potions of might
 i - a potion of flight {unknown}
 o - 2 potions of magic {unknown}
Comestibles
 f - a bread ration
 l - 2 meat rations
 n - 4 fruits


   Skills:
 + Level 4.9 Fighting
 + Level 3.6 Long Blades
 - Level 3.0 Armour
 - Level 3.0 Shields


You had 4 spell levels left.
You didn't know any spells.

Dungeon Overview and Level Annotations

Branches:
Dungeon (4/15)
 Temple: D:4-7

Altars:
Ashenzari
Elyvilon
Trog

Annotations:
D:3 MTVSty1e's ghost, amateur DrTm
D:4 Blork the orc


Message History

The orc priest is moderately wounded.
The orc priest hits you with a dagger.
* * * LOW HITPOINT WARNING * * *
You block MTVSty1e's ghost's attack.
You hit the orc priest.
The orc priest is heavily wounded.
You block the orc priest's attack. MTVSty1e's ghost hits you.
* * * LOW HITPOINT WARNING * * *
You closely miss the orc priest.
The orc priest is heavily wounded.
The orc priest hits you but does no damage.
You block MTVSty1e's ghost's attack.
The orc priest hits you but does no damage.
MTVSty1e's ghost hits you.
* * * LOW HITPOINT WARNING * * *
Drink which item? (? for menu, Esc to quit)
You feel better.
The orc priest invokes the aid of Beogh against you.
Beogh smites you!
You die...

.......##.# #.#
........#.# #.#
........#.# #.#
.......>..##### #.#
.....##.......# #.#
............#.# #.#
###...###...# ##.##
..#...###.#.#.#######...#
#.#..o###...#..o@W......#
#.#.go.#....#..######...#
..#o...#....#. #####
#.#...._..### ..#....#..#
..#....#..# ......###.#
......###.# ...?#.###.#


You could see an orc priest and MTVSty1e's ghost.

Vanquished Creatures
  An orc wizard (D:3)
  A worker ant (D:4)
  3 adders
  A worm (D:3)
  A dart slug (D:2)
  A giant gecko (D:3)
  4 orcs
  2 giant cockroaches
  8 goblins
  11 hobgoblins
  2 jackals (D:2)
  6 kobolds
  2 quokkas (D:2)
  9 bats
  3 giant newts
  5 rats
60 creatures vanquished.

Notes
Turn   | Place    | Note
--------------------------------------------------------------
     0 | D:1      | WarriorsX the Human Fighter began the quest for the Orb.
     0 | D:1      | Reached XP level 1. HP: 18/18 MP: 1/1
   117 | D:1      | Reached XP level 2. HP: 21/24 MP: 2/2
   417 | D:1      | Reached XP level 3. HP: 25/30 MP: 3/3
   918 | D:2      | Found a white marble altar of Elyvilon.
   919 | D:2      | Found a bloodstained altar of Trog.
  1114 | D:2      | Reached skill level 4 in Fighting
  1141 | D:2      | Reached XP level 4. HP: 37/37 MP: 4/4
  1519 | D:3      | Found a shattered altar of Ashenzari.
  1947 | D:4      | Reached XP level 5. HP: 9/43 MP: 5/5
  2197 | D:4      | Noticed Blork the orc
  2214 | D:3      | Noticed MTVSty1e's ghost (amateur DrTm)
  2314 | D:3      | Killed from afar by an orc priest

Skill      XL: |  1  2  3  4 |
---------------+-------------+-----
Fighting       | 4 |  4.9
Long Blades    | 3 |  3.6
Armour         | |  3.0
Shields        | |  3.0

Action                   |  1- 3 |  4- 6 || total
-------------------------+-------+-------++-------
Melee: Long sword        |   125 |    89 ||   214
  Use: Potion            |     1 |     2 ||     3
  Eat: Chunk             |       |     4 ||     4
Armor: Scale mail        |    70 |    32 ||   102
Dodge: Dodged            |    34 |    16 ||    50
Block: Shield            |    72 |    57 ||   129
